 Dungeon Crawl Stone Soup version 0.31-a0-188-g5e087ee2ca (webtiles) character file.

Game seed: 6728841112860749721

385 qw the Skirmisher (level 6, -1/35 HPs)
             Began as a Deep Elf Hunter on June 23, 2023.
             Slain by a gnoll
             ... wielding a +0 spear
              (6 damage)
             ... on level 3 of the Dungeon.
             The game lasted 00:01:08 (2824 turns).

qw the Skirmisher (Deep Elf Hunter)                 Turns: 2824, Time: 00:01:08

Health: -1/35      AC:  5    Str: 10    XL:     6   Next: 48%
Magic:  8/8        EV: 12    Int: 14    God:
Gold:   75         SH:  0    Dex: 18    Spells: 5/5 levels left

rFire   . . .        Y - +1 shortbow (chaos)
rCold   . . .        (shield currently unavailable)
rNeg    + . .        c - +0 leather armour
rPois   .            (no helmet)
rElec   .            i - +0 cloak
rCorr   .            h - +0 pair of gloves
SInv    .            (no boots)
Will    .....        (no amulet)
Stlth   ++           n - ring of positive energy
HPRegen 0.25/turn    (no ring)
MPRegen 0.11/turn

%: no passive effects
@: lethally poisoned (-1 -> -1)
A: no striking features
a: no special abilities


You were on level 3 of the Dungeon.
You visited 1 branch of the dungeon, and saw 3 of its levels.

You collected 141 gold pieces.
You spent 66 gold pieces at shops.


   Skills:
 - Level 2.0 Fighting
 + Level 9.9 Ranged Weapons
 - Level 3.0 Dodging
 - Level 1.2 Stealth


You had 5 spell levels left.
You didn't know any spells.
Your spell library was empty.

Inventory:

Hand Weapons
 Y - a +1 shortbow of chaos (weapon)
Armour
 c - a +0 leather armour (worn)
 h - a +0 pair of gloves (worn)
 i - a +0 cloak (worn)
 k - a +0 ring mail
Jewellery
 l - a ring of positive energy
 n - a ring of positive energy (left hand)
Scrolls
 f - 4 scrolls of blinking {unknown}
 g - a scroll of identify
 j - a scroll of fog {unknown}
Potions
 a - 2 potions of enlightenment {unknown}
 b - a potion of brilliance {unknown}
 d - a potion of haste {unknown}
 e - a potion of mutation {unknown}
 m - a potion of degeneration {unknown}

Dungeon Overview and Level Annotations

Branches:
Dungeon (3/15)

Altars:

Shops:
D:3 *

Annotations:
D:2 1 runed translucent door, Crazy Yiuf


Message History

Enter note:
Enter note:
Enter note:
Enter note:
Enter note: You shoot an arrow.
The arrow hits the orc but does no damage.
The orc hits you with a +1 dagger of venom.
You are poisoned.
You shoot an arrow.
The arrow hits the orc but does no damage.
You feel very sick.
The orc hits you with a +1 dagger of venom.
You are more poisoned.
You shoot an arrow. The arrow hits the orc.
You kill the orc!
You feel very sick.
You start resting.
You feel very sick. x2
You feel sick. x2
A gnoll comes into view. It is wielding a +0 spear.
You shoot an arrow.
The arrow hits the gnoll but does no damage.
You feel sick.
You shoot an arrow. The arrow hits the gnoll.
The gnoll is lightly wounded.
The gnoll blinks!
You feel sick. The gnoll closely misses you.
You shoot an arrow. The arrow closely misses the gnoll.
You feel sick.
You hear a shout!
The gnoll hits you but does no damage.
You shoot an arrow. The arrow closely misses the gnoll.
You feel sick.
A gnoll comes into view. It is wielding a +0 club.
The gnoll hits you from afar with a +0 spear.
You shoot an arrow. The arrow hits the gnoll.
The arrow burns the gnoll.
The gnoll is heavily wounded.
You feel sick.
The gnoll hits you from afar with a +0 spear. x2
You die...

~~~~~~~~~~....~~~~~~~~~~~~~~~~
~~~~~~~~~~....)~~~~~~~~~~~####
................).........#ggg
##########''''#############...
#..))# #+## #...)# #. #..))# #.
#.g..# #. #)..@# #. ...'....)g.8#
#. ...'....'..8# #.
...#8..8#...... #.
############### #. # #+##
##############################...
#..%......%.%................#.o.
#~~~~~~~~~~%~~~~~~~~~~~~~~~~~####


You could see 2 gnolls.

Vanquished Creatures
  Sigmund (D:2)
  A howler monkey (D:3)
  Terence (D:2)
  5 gnolls (D:3)
  An adder (D:2)
  A worm (D:2)
  3 dart slugs
  10 orcs (D:3)
  7 endoplasms
  A giant cockroach (D:2)
  6 goblins
  4 hobgoblins
  19 jackals
  7 kobolds
  7 quokkas
  6 ball pythons
  6 bats
  4 frilled lizards
  7 rats
97 creatures vanquished.

Notes
Turn   | Place    | Note
-------+----------+-------------------------------------------
     0 | D:1      | qw the Deep Elf Hunter began the quest for the Orb.
     0 | D:1      | Reached XP level 1. HP: 12/12 MP: 3/3
     0 | D:1      | 0 ||| qw: Version: 0.3-a-9-g12657ce
     0 | D:1      | 0 ||| qw: Game counter: 4320
     0 | D:1      | 0 ||| qw: Always use a shield: true
     0 | D:1      | 0 ||| qw: God list: Okawaru
     0 | D:1      | 0 ||| qw: Allow faded altars: false
     0 | D:1      | 0 ||| qw: Do Orc after D:15 true
     0 | D:1      | 0 ||| qw: Do second Lair branch before Depths: true
     0 | D:1      | 0 ||| qw: Lair rune preference: random
     0 | D:1      | 0 ||| qw: Plans: Normal
     0 | D:1      | 0 ||| PLANNING D:1-11
   159 | D:1      | Reached XP level 2. HP: 15/16 MP: 4/4
   202 | D:1      | Reached skill level 6 in Ranged Weapons
   680 | D:1      | Reached XP level 3. HP: 20/20 MP: 5/5
  1027 | D:1      | 1027 ||| UPGRADING to +0 pair of gloves.
  1032 | D:1      | 1032 ||| UPGRADING to +0 cloak.
  1037 | D:1      | 1037 ||| UPGRADING to ring of positive energy.
  1038 | D:1      | 1038 ||| READING scroll labelled BIFATHRAUK.
  1039 | D:1      | 1039 ||| READING scroll labelled DUISIN PACSYL.
  1040 | D:1      | 1040 ||| READING scroll labelled IMIUTZU LUTRI.
  1041 | D:1      | 1041 ||| DRINKING 2 metallic brown potions.
  1146 | D:1      | 1146 ||| DROPPING scroll of butterflies.
  1147 | D:1      | 1147 ||| DROPPING potion of berserk rage.
  1243 | D:2      | Reached skill level 7 in Ranged Weapons
  1271 | D:2      | Noticed Sigmund
  1278 | D:2      | HP: 3/20 [something (17)]
  1279 | D:2      | Killed Sigmund
  1280 | D:2      | Reached skill level 9 in Ranged Weapons
  1280 | D:2      | Reached XP level 4. HP: 4/25 MP: 6/6
  1280 | D:2      | Reached XP level 5. HP: 5/29 MP: 7/7
  1340 | D:2      | Noticed Terence
  1347 | D:2      | Killed Terence
  1348 | D:2      | Reached skill level 3 in Dodging
  1407 | D:2      | Found a runed translucent door.
  1408 | D:2      | Noticed Crazy Yiuf
  1993 | D:2      | 1993 ||| READING 2 scrolls labelled POUPAR ESHRUONN.
  1994 | D:2      | 1994 ||| DRINKING 2 fuming amethyst potions.
  1995 | D:2      | 1995 ||| DROPPING potion of magic.
  2048 | D:3      | Found Goonailo's Assorted Antiques.
  2058 | D:3      | 2058 ||| SHOPLISTING +4 Cigotuvi's embrace {Corpsefed
                  | rMiasma Drain rN+} (607 gold, have 84).
  2058 | D:3      | 2058 ||| BUYING 3 scrolls labelled DAIDUY ZECOEN (66 gold).
  2058 | D:3      | Bought 3 scrolls labelled DAIDUY ZECOEN for 66 gold pieces
  2058 | D:3      | 2058 ||| SHOPLISTING brown potion (19 gold, have 18).
  2058 | D:3      | 2058 ||| SHOPLISTING lumpy cyan potion (19 gold, have 18).
  2058 | D:3      | 2058 ||| SHOPLISTING scroll labelled JAUTTY SAVO (22 gold,
                  | have 18).
  2151 | D:3      | Reached XP level 6. HP: 35/35 MP: 8/8
  2823 | D:3      | HP: 8/35 [gnoll/+0 spear (4)]
  2824 | D:3      | Slain by a gnoll

Levels and vault maps discovered:
D:1:      dpeg_arrival_radiant, layout_basic, patterned_corridor
D:2:      layout_basic, chequers_serial_rivers_micro_c, uniq_crazy_yiuf_cottage,
          uniq_robin, uniq_terence, uniq_sigmund
D:3:      lemuel_castle_with_subvaults [lemuel_castle_interior_carwin_2],
          layout_basic, serial_shops, nicolae_shop_advertising_works
          [nicolae_subvault_shop_adworks], uniq_jessica

Skill      XL: |  1  2  3  4  5 |
---------------+----------------+-----
Ranged Weapons | 6 9 |  9.9
Dodging        | 3 |  3.0
Fighting       | 2 |  2.0
Stealth        | |  1.2

Action                     |  1- 3 |  4- 6 || total
---------------------------+-------+-------++-------
   Fire: Shortbow          |   109 |   163 ||   272
    Use: Scroll            |     3 |     1 ||     4
         Potion            |     1 |     1 ||     2
 Armour: Leather armour    |     5 |    19 ||    24
  Dodge: Dodged            |    10 |    26 ||    36

Table legend:
 A = Non-vault XP
 B = Vault XP
 C = Vault XP percentage of total XP
 D = Non-vault monster count
 E = Vault monster count
 F = Vault count percentage of total count
                 A         B        C        D         E       F
            +---------+---------+-------+---------+---------+-------
      Total |     142 |     408 |  74.2 |      70 |      27 |  27.8
            +---------+---------+-------+---------+---------+-------
        D:1 |      54 |       0 |   0.0 |      30 |       0 |   0.0
        D:2 |      49 |     242 |  83.2 |      21 |       2 |   8.7
        D:3 |      39 |     166 |  81.0 |      19 |      25 |  56.8
            +---------+---------+-------+---------+---------+-------
